[Event "*** Titled Tuesday Blitz"]
[Site "Chess.com"]
[Date "2020.10.27"]
[Round "4"]
[White "Treacherous_horse64"]
[Black "Oneofmyturns"]
[Result "0-1"]
[WhiteElo "2519"]
[BlackElo "2733"]
[TimeControl "180+1"]
[EndTime "10:40:14 PDT"]
[Termination "Oneofmyturns won by checkmate"]

1. d4 Nf6 2. Nf3 d5 3. Bf4 e6 4. e3 Bd6 5. Bg3 O-O 6. Nbd2 c5 7. c3 b6 8. Bd3 Nc6 9. Qe2 Bb7 10. e4 Be7 11. e5 Nh5 12. O-O cxd4 13. cxd4 Nb4 14. Bb5 a6 15. Ba4 Bc6 16. Bxc6 Nxc6 17.
a3 Nxg3 18. hxg3 b5 19. Rac1 Qb6 20. Qd3 Na5 21. b4 Nc4 22. Ra1 a5 23. bxa5 Rxa5 24.
Rfb1 Qa6 25. Kh2 Nxa3 26. Rh1 b4 27. Qb3 Rc8 28. g4 Rc3 29. Qd1 Qd3 30. Qe1 Nc2 31. Rxa5 Nxe1 32. Ra8+ Bf8 33. Rxe1 g5 34. Rea1 Kg7 35.
Nf1 Ra3 36. R1xa3 bxa3 37. Ng3 Be7 38. Re8 a2 39. Rxe7 a1=Q 40. Nh5+ Kf8 41. Rd7 Qb5 42.
Rd8+ Ke7 43. Rh8 Qbb1 44. Nf6 Qh1+ 45. Kg3 Qa4 46. Nxg5 h6 47. Ngh7 Qb3+ 48. f3 Qe1+ 49. Kh3 Qh1+ 50. Kg3 Qe1+ 51. Kh3 Qb5 52. Rg8 Qh1+ 53.
Kg3 Qe1+ 54. Kh3 Qh1+ 55. Kg3 h5 56. gxh5 Qa4 57. Rc8 Qe1+ 58. Kh3 Qh1+ 59. Kg3 Qhd1 60. Rc7+ Kd8 61. Rxf7 Qe1+ 62. Kh3 Qh1+ 63. Kg3 Qaa1 64.
Nf8 Qae1+ 65. Kf4 Qhh4+ 66. g4 Qd2# 0-1

[Event "*** Titled Tuesday Blitz"]
[Site "Chess.com"]
[Date "2020.10.27"]
[Round "4"]
[White "obliviate12"]
[Black "PLAYER_2006_M"]
[Result "1-0"]
[WhiteElo "2730"]
[BlackElo "2514"]
[TimeControl "180+1"]
[EndTime "10:40:14 PDT"]
[Termination "obliviate12 won on time"]

1. e4 e5 2. Nf3 Nc6 3. Nc3 Nf6 4. a3 a6 5. Bc4 Bc5 6. d3 Ba7 7. h3 d6 8. Be3 Be6 9. Bxe6 fxe6 10. Bxa7 Rxa7 11.
d4 exd4 12. Nxd4 e5 13. Nxc6 bxc6 14. Qd3 Qd7 15. Qc4 a5 16. O-O-O c5 17. f4 Qe7 18.
fxe5 Qxe5 19. Rhf1 Kd7 20. Rf5 Qe6 21. Qxc5 Rb7 22.
Qxa5 Rhb8 23. Qa4+ Ke7 24. g4 g6 25. e5 gxf5 26. exf6+ Kf7 27. g5 Rxb2 28. Qd4 Qe5 29. Qxe5 dxe5 30. Rd7+ Ke6 31. Re7+ Kd6 32. Rxh7 R2b7 33.
f7 Ke6 34. g6 Kf6 35. Nd5+ Kxg6 36. Rh4 Kxf7 37. Rc4 Ke6 38. Nc3 e4 39. Kd2 Ke5 40. Ke3 f4+ 41. Ke2 e3 42. Kf3 Rf8 43. Re4+ Kd6 44.
Rxf4 Rxf4+ 45. Kxf4 Rb2 46. Kxe3 Rxc2 47. Kd3 Rh2 48.
Kc4 Rxh3 49. Kb4 c5+ 50. Kc4 Rh4+ 51. Kb3 Kc6 52. Ne2 Kb6 53. Nc3 Ka5 54. Nd5 Kb5 55.
Nc3+ Kc6 56. Ne2 Re4 57. Nc3 Rd4 58. Ne2 Rd7 59. Nc3 Rb7+ 60. Kc4 Rb8 61. Ne2 Rh8 62. Nc3 Rh4+ 63. Kb3 Kd6 64. Ne2 Kd5 65. Nc3+ Kd4 66.
a4 1-0

[Event "*** Titled Tuesday Blitz"]
[Site "Chess.com"]
[Date "2020.10.27"]
[Round "4"]
[White "WildTricks"]
[Black "mr65"]
[Result "0-1"]
[WhiteElo "2395"]
[BlackElo "2208"]
[TimeControl "180+1"]
[EndTime "10:40:14 PDT"]
[Termination "mr65 won by checkmate"]

1. e4 e5 2. Nf3 Nc6 3. Bb5 a6 4. Ba4 Nf6 5. O-O Be7 6. d4 b5 7.
Bb3 d6 8. Re1 exd4 9. Bd5 Bd7 10. Nxd4 Nxd5 11. Nxc6 Bxc6 12. exd5 Bd7 13. Bg5 f6 14. Bh4 O-O 15. Nd2 Re8 16. Nf3 f5 17. Rxe7 Rxe7 18. Qd2 Qe8 19. Bxe7 Qxe7 20. Re1 Qf7 21.
Qd4 Re8 22. Rxe8+ Qxe8 23. Kf1 Qe4 24. Qxe4 fxe4 25. Nd2 Bc8 26. b3 b4 27. Nxe4 Bb7 28. f3 Bxd5 29. Nf2 Kf7 30. Nd3 c5 31. Ke2 a5 32.
Ke3 a4 33. Nf4 axb3 34. axb3 Bc6 35. g4 g5 36. Ne2 h6 37. Ng3 Bd7 38. Nf1 Kf6 39.
Nd2 Be8 40. Ne4+ Ke5 41. Nd2 Bg6 42. Nc4+ Ke6 43. Kd2 d5 44. Ne3 Ke5 45. Ng2 c4 46. h4 c3+ 47. Kd1 d4 48. hxg5 hxg5 49. Kc1 d3 50. cxd3 Bxd3 51. Kd1 Kd4 52. Kc1 Be2 53. Ne1 Ke3 54. Nc2+ Kxf3 55. Nxb4 Kxg4 56. Nd5 Bb5 57. Nxc3 Ba6 58. Kd2 Kf3 59. Ke1 g4 60. Nd5 g3 61.
Nc7 g2 62. Nxa6 g1=Q+ 63. Kd2 Qb6 64. Nc5 Qxc5 65. Kd3 Kf4 66. Kd2 Qb4+ 67. Kd3 Ke5 68. Kc2 Kd4 69. Kb2 Kd3 70. Ka2 Kc2 71. Ka1 Qa3# 0-1

[Event "*** Titled Tuesday Blitz"]
[Site "Chess.com"]
[Date "2020.10.27"]
[Round "4"]
[White "SamuelGhimpu2003"]
[Black "chessmachine14"]
[Result "1-0"]
[WhiteElo "2621"]
[BlackElo "2341"]
[TimeControl "180+1"]
[EndTime "10:40:15 PDT"]
[Termination "SamuelGhimpu2003 won on time"]

1. d4 Nf6 2. c4 g6 3. Nc3 Bg7 4. e4 d6 5. f3 O-O 6. Be3 c5 7. dxc5 dxc5 8. Qxd8 Rxd8 9. Bxc5 Nc6 10. Be2 b6 11. Ba3 Bb7 12. Rd1 e6 13. Nb5 Rxd1+ 14.
Bxd1 Ne5 15. b3 Nd3+ 16. Kf1 Ne8 17. Nh3 a6 18. Nd6 Nxd6 19. Bxd6 Bd4 20. Bc2 Rd8 21. Ba3 Nc5 22. Ke2 Bc3 23. Rd1 Rxd1 24. Bxd1 e5 25. Nf2 Ne6 26. g3 Bd4 27. Ng4 Kg7 28. Kd3 Nc5+ 29. Bxc5 bxc5 30. Ne3 Bxe3 31. Kxe3 a5 32. Kd3 f6 33. Kc3 Kf7 34. a3 Ke6 35. b4 axb4+ 36. axb4 Kd6 37. Bc2 h6 38. Kb3 Bc6 39. b5 Bd7 40. Ka4 Kc7 41. Ka5 Kb7 42.
b6 Bc6 43. f4 Bd7 44. Bd1 Bc6 45. Bf3 Bd7 46. fxe5 fxe5 47. Be2 Bc6 48. Bg4 Bxe4 49. Kb5 Bd3 50. Kxc5 e4 51. Kd4 Kxb6 52. Be6 Kc6 53.
Bd5+ Kd6 54. Bxe4 Bf1 55. Bxg6 Bg2 56. c5+ Ke6 57. Be4 Bf1 58. c6 Kd6 59. Ke3 Bb5 60.
Kf4 Bc4 61. Kf5 h5 62. Kg5 Be2 63. h4 Bg4 64. Bg6 Kxc6 65. Bxh5 Be6 66. Bg6 Kd6 67. h5 Ke7 68. h6 Kf8 69. Kf6 1-0

[Event "*** Titled Tuesday Blitz"]
[Site "Chess.com"]
[Date "2020.10.27"]
[Round "4"]
[White "Shield12"]
[Black "TregubovP"]
[Result "1-0"]
[WhiteElo "2825"]
[BlackElo "2539"]
[TimeControl "180+1"]
[EndTime "10:40:17 PDT"]
[Termination "Shield12 won on time"]

1. e4 e6 2. d4 d5 3. Nd2 c5 4.
Ngf3 Nc6 5. exd5 exd5 6. Bb5 Qe7+ 7. Be2 Qc7 8. dxc5 Bxc5 9. Nb3 Bb6 10. Qxd5 Nf6 11. Qg5 O-O 12. O-O h6 13. Qg3 Qxg3 14. hxg3 Ne4 15. Bd3 Nxg3 16. Re1 Bf5 17. Be3 Bxd3 18.
cxd3 Nf5 19. Bxb6 axb6 20. a3 Rfd8 21. Red1 Rd5 22. Rac1 Rad8 23. Rc3 g5 24. Kf1 g4 25.
Ne1 h5 26. Nc2 Kg7 27. Ne3 Re5 28. Nc4 Rb5 29. Nbd2 Ncd4 30. b4 g3 31. Ne4 h4 32.
Ncd2 Rbd5 33. a4 Ne6 34. Nf3 Nf4 35. d4 Nxd4 36. fxg3 hxg3 37. Nxd4 Rxd4 38. Rxg3+ Kf8 39. Re1 Rxb4 40. Nf6 Ng6 41. Kg1 Rxa4 42. Nh7+ Kg7 43. Ng5 Rd5 44. Re7 Rf5 45. Rxb7 Rb4 46. Nf3 Rb1+ 47.
Kh2 b5 48. Nd4 Rh5+ 49. Rh3 Rxh3+ 50. Kxh3 b4 51. Rb6 Ne5 52. Nf5+ Kh7 53. Rb5 Ng6 54. Rb7 Rb3+ 55. g3 Ne5 56. Re7 Nc6 57. Rc7 Kg6 58. Nh4+ Kg5 59. Rxc6 Rc3 60. Rb6 b3 61. Rb5+ Kf6 62.
Ng2 Ke6 63. Nf4+ Kd6 64. Ne2 Rd3 65. Nc1 Rc3 66. Nxb3 f5 67. Nd4 f4 68. Ne2 Rf3 69.
Nxf4 1-0

[Event "*** Titled Tuesday Blitz"]
[Site "Chess.com"]
[Date "2020.10.27"]
[Round "4"]
[White "tlomigtlis"]
[Black "wonderfultime"]
[Result "1/2-1/2"]
[WhiteElo "2592"]
[BlackElo "2933"]
[TimeControl "180+1"]
[EndTime "10:40:20 PDT"]
[Termination "Game drawn by repetition"]

1. d4 d5 2. c4 c6 3. Nf3 Nf6 4. Nc3 a6 5. c5 Nbd7 6. Bf4 Nh5 7. Be5 f6 8. Bg3 e5 9. e3 g6 10. Be2 Nxg3 11. hxg3 Bg7 12. Qc2 f5 13. O-O-O Qe7 14.
g4 fxg4 15. Nxe5 Nxe5 16. dxe5 Bxe5 17. Na4 Bf5 18. Qb3 O-O-O 19. Bd3 Bc7 20. Kb1 h5 21. Ka1 h4 22. Nb6+ Bxb6 23. Qxb6 Bxd3 24. Rxd3 Kb8 25.
Rb3 Ka8 26. Rb4 g3 27. f3 g5 28. a3 Rd7 29. Rb3 Re8 30. Qb4 Qd8 31. Qd4 Rde7 32. Rd3 Qc7 33. b4 Qe5 34. Qxe5 Rxe5 35. Re1 g4 36. fxg4 Re4 37. g5 Rg8 38. Rf1 Rxg5 39.
Rb3 Ka7 40. a4 a5 41. bxa5 Rxa4+ 42. Kb2 Rxa5 43. Rf7 Ka6 44. Rfxb7 Rxc5 45. R7b6+ Ka5 46. Rb8 Rb5 47. Ra8+ Kb6 48. Rb8+ Kc5 49. Rh8 Rxb3+ 50. Kxb3 Rg4 51. Kc3 Re4 52. Kd3 Ra4 53. Rh6 Kb5 54. Rh8 c5 55. Rb8+ Kc6 56. Rc8+ Kd6 57. Rd8+ Ke6 58.
Re8+ Kd7 59. Re5 Ra2 60. Rxd5+ Kc6 61. Rh5 Rxg2 62. Rxh4 Ra2 63. Rg4 g2 64. e4 Kd6 65.
Rg5 Ke6 66. Kc4 Kf6 67. Rg8 Ke5 68. Rg4 Rc2+ 69. Kd3 Rf2 70. Kc4 Kd6 71. Rg6+ Ke5 72. Rg4 Ra2 73. Kd3 Rb2 74. Kc4 Rd2 75. Kc3 Rf2 76.
Kc4 1/2-1/2

[Event "*** Titled Tuesday Blitz"]
[Site "Chess.com"]
[Date "2020.10.27"]
[Round "4"]
[White "Mikasinski"]
[Black "Meri-Arabidze"]
[Result "0-1"]
[WhiteElo "2497"]
[BlackElo "2681"]
[TimeControl "180+1"]
[EndTime "10:40:21 PDT"]
[Termination "Meri-Arabidze won by checkmate"]

1. e4 c5 2. Nf3 e6 3. d4 cxd4 4.
Nxd4 Nc6 5. Nc3 a6 6. Be2 Nf6 7. O-O d6 8. f4 Be7 9. Kh1 O-O 10. Be3 Bd7 11. a4 Nxd4 12. Bxd4 Bc6 13. Bf3 Rc8 14. Qe1 b5 15. axb5 axb5 16. Rd1 b4 17. Na2 Bb5 18. Rf2 Qa5 19. Nxb4 d5 20. e5 Bxb4 21. c3 Ne4 22. Bxe4 dxe4 23. cxb4 Qa8 24. Bc5 Rfe8 25. Qe3 Bd3 26. f5 exf5 27. Rxf5 Qd5 28. Qf4 Rcd8 29. h3 Qe6 30. Rg5 Rd5 31. Bd6 Rc8 32. Bc5 g6 33. h4 Re8 34. h5 Rxe5 35. hxg6 hxg6 36. Bd4 Rxg5 37. Qxg5 Qf5 38. Qe3 Qh5+ 39. Qh3 Qxh3+ 40.
gxh3 f5 41. Be3 Kf7 42. Kg1 Ke6 43. Kf2 Ke5 44. Kg3 Rf8 45. Bf4+ Kd4 46. Kf2 Rh8 47. Kg3 e3 48. Re1 e2 49. Bd2 Re8 50. Bc3+ Ke4 51. Kf2 f4 52. Rg1 Kf5 53. h4 Re7 54. Rg5+ Ke4 55.
Ke1 Kf3 56. b5 Ra7 57. b4 Ra3 58. Bd4 Rb3 59. b6 Rb1+ 60. Kd2 e1=Q+ 61. Kxd3 Qe2+ 62. Kc3 Qb2+ 63. Kc4 Qxb4+ 64. Kd5 Qb5+ 65. Ke6 Qc6+ 66. Kf7 Re1 67. Rxg6 Qd7+ 68. Kg8 Re8# 0-1

[Event "*** Titled Tuesday Blitz"]
[Site "Chess.com"]
[Date "2020.10.27"]
[Round "4"]
[White "GregShahade"]
[Black "Gerodot71"]
[Result "1/2-1/2"]
[WhiteElo "2655"]
[BlackElo "2490"]
[TimeControl "180+1"]
[EndTime "10:40:27 PDT"]
[Termination "Game drawn by repetition"]

1. e4 e5 2. Nf3 Nc6 3. Bb5 a6 4. Ba4 Nf6 5. O-O Be7 6. Re1 b5 7. Bb3 d6 8. c3 O-O 9. h3 Nb8 10. d4 Nbd7 11. Nbd2 Bb7 12. Bc2 Re8 13. Nf1 Bf8 14. Ng3 g6 15. a4 Nb6 16. b3 bxa4 17. bxa4 a5 18. Bg5 h6 19. Be3 Nc4 20. Bc1 Ba6 21.
Bd3 Qc8 22. Qe2 Nb6 23. Be3 Nfd7 24. Bxa6 Rxa6 25. Nd2 Ra8 26. Reb1 Bg7 27. Qb5 c6 28. Qb3 Rb8 29. dxe5 Bxe5 30. Bd4 Nc5 31. Qc2 Qc7 32.
Nf3 Bxg3 33. fxg3 Nxe4 34. Qc1 c5 35. Be3 h5 36. Bf4 Nd5 37. Rxb8 Rxb8 38. Qc2 Nxf4 39.
Qxe4 Ne6 40. Rd1 d5 41. Qxd5 Qxg3 42. Qe5 Qxe5 43. Nxe5 Rb3 44. Rd7 Rxc3 45. Nxf7 Rc4 46. Ne5 Rxa4 47. Nxg6 c4 48. Rd6 c3 49. Rc6 Nd4 50. Rc7 c2 51. Ne7+ Kf7 52. Nf5+ Kf6 53. Nxd4 Ra1+ 54. Kh2 c1=Q 55. Rxc1 Rxc1 56. Nb3 Rb1 57.
Nxa5 Rb4 58. Nc6 Rb2 59. Nd4 Kg5 60. Nf3+ Kf5 61. Kg3 Ra2 62. Nh4+ Kg5 63. Nf3+ Kg6 64. Nh4+ Kg5 65. Nf3+ Kf6 66. Nh4 Ra3+ 67. Nf3 Kf5 68. Kh4 Ra2 69. g4+ hxg4 70. hxg4+ Kf4 71. Ng5 Ra8 72.
Nh3+ Kf3 73. Ng5+ Kf4 74. Nh3+ Ke5 75. Kg3 Kf6 76. Kf4 Ra4+ 77. Kg3 Kg6 78. Nf4+ Kg5 79. Nh3+ Kg6 80. Nf4+ Kg5 81. Nh3+ Kg6 1/2-1/2

[Event "*** Titled Tuesday Blitz"]
[Site "Chess.com"]
[Date "2020.10.27"]
[Round "4"]
[White "BanjoKazooieN64"]
[Black "pedromartinez91"]
[Result "1/2-1/2"]
[WhiteElo "2352"]
[BlackElo "2622"]
[TimeControl "180+1"]
[EndTime "10:40:27 PDT"]
[Termination "Game drawn - insufficient material"]

1. e4 e6 2. d4 d5 3. Nc3 Nf6 4.
e5 Ne4 5. Nxe4 dxe4 6. Bc4 Qd7 7. Nh3 c5 8. d5 b5 9. Be2 Qxd5 10. Qxd5 exd5 11. Nf4 Be6 12. Bxb5+ Ke7 13. O-O g6 14. Rd1 a6 15. Ba4 d4 16. b4 Bg7 17. bxc5 Bxe5 18. c6 Rc8 19. Rb1 Nxc6 20. Nxe6 Kxe6 21. Rb6 Kd7 22. Be3 Rab8 23. Bxd4 Rxb6 24. Bxb6+ Ke6 25. Bb3+ Kf6 26. Rd7 Ne7 27. Bd8 Rxd8 28. Rxd8 Nf5 29. Ra8 Bd4 30. Rxa6+ Kg5 31. Bxf7 e3 32. fxe3 Nxe3 33.
Kh1 Nxc2 34. g3 Kg4 35. Bg8 Kf3 36. Bxh7 Ne3 37. Ra3 g5 38. h4 g4 39. h5 Kxg3 40.
h6 Kh4 41. Rxe3 Bxe3 42. Bf5 Bxh6 43. Kg2 Bd2 44. a4 Ba5 45. Be6 Kg5 46. Bd7 Kf4 47. Bc8 g3 48. Bd7 Be1 49. Bc8 Ke5 50. Bd7 Kd6 51.
Bc8 Kc7 52. Bg4 Kb6 53. Kf1 Bf2 54. Kg2 Ka5 55. Bd1 Kb4 56. Kf1 Kc3 57. Kg2 Kd2 58. Bf3 Kc3 59. a5 Kd4 60. a6 Ke5 61. Bb7 Kf4 62.
Kf1 Ba7 63. Kg2 Kg4 64. Kf1 Kh3 65. Bc6 Kh2 66. Bb7 Bb8 67. Bc6 Kh3 68. Bb7 Kg4 69. Kg2 Kf4 70. Bc6 Ke5 71. Bb7 Kd6 72. Kf1 Kc5 73. Ke2 Kb6 74. Kd3 Ka7 75. Kc4 Bc7 76. Kb5 Bb8 77. Bd5 Bf4 78. Bg2 Be3 79. Bf3 Kb8 80. Bg2 Kc7 81. Bf3 Kd6 82. Bg2 Ke5 83. Kc6 Kf4 84. Kb7 Bd4 85. a7 Bxa7 86. Kxa7 Ke3 87. Kb7 Kf2 88. Bd5 Ke3 89. Kc6 Kd4 90. Bg2 Ke3 91. Kd5 Kf2 92. Be4 g2 93. Bxg2 1/2-1/2

[Event "*** Titled Tuesday Blitz"]
[Site "Chess.com"]
[Date "2020.10.27"]
[Round "4"]
[White "Sanan_Sjugirov"]
[Black "GMKrikor"]
[Result "1/2-1/2"]
[WhiteElo "2933"]
[BlackElo "2791"]
[TimeControl "180+1"]
[EndTime "10:40:34 PDT"]
[Termination "Game drawn - insufficient material"]

1. c4 e5 2. d3 Nf6 3. Nf3 Nc6 4. Nc3 Bb4 5. Bd2 O-O 6. g3 Re8 7. Bg2 Bxc3 8. Bxc3 e4 9. dxe4 Nxe4 10. Rc1 d6 11. O-O Nxc3 12. Rxc3 Qf6 13. Qd2 a5 14. Rfc1 Bg4 15. h3 Bf5 16. Rb3 b6 17. Nh4 Nd4 18.
Re3 Rad8 19. Rxe8+ Rxe8 20. e3 Ne6 21. Nxf5 Qxf5 22.
h4 Nc5 23. Qc2 Qe5 24. Rd1 g6 25. b3 h5 26. Rd4 Qf6 27. a3 Kg7 28. b4 axb4 29.
axb4 Ne6 30. Rd1 Qe5 31. Rd5 Qf6 32. Kh2 Qa1 33. Rd1 Qe5 34. Rd5 Qf6 35. Qd2 Qa1 36. Rd3 Qe5 37. Ra3 g5 38. hxg5 Qxg5 39. Qd5 Qg6 40. Be4 Qh6 41. Kg2 Ng5 42. Bf5 h4 43.
Qd4+ Qf6 44. gxh4 Ne6 45. Bxe6 fxe6 46. Qxf6+ Kxf6 47. Kf3 Re7 48. Ra1 Rh7 49. Rh1 Rh5 50. Kg4 Kg6 51. f4 b5 52. cxb5 Rxb5 53. h5+ Kh6 54.
Rc1 c5 55. bxc5 Rxc5 56. Rd1 d5 57. Rb1 Rc3 58. Re1 Rd3 59. Kh4 Rc3 60. Kg4 Rd3 61. f5 exf5+ 62. Kxf5 Rd2 63. Ke5 Kg5 64. Rg1+ Kxh5 65.
Kf5 Kh6 66. Kf6 Kh5 67. Kf5 Kh6 68. Rg6+ Kh7 69. Rd6 Kg7 70. Ke5 Kf7 71. Rxd5 Ra2 72. Rd7+ Ke8 73. Ke6 Ra6+ 74. Rd6 Ra3 75. Kf5 Rxe3 76.
Re6+ Rxe6 77. Kxe6 1/2-1/2

[Event "*** Titled Tuesday Blitz"]
[Site "Chess.com"]
[Date "2020.10.27"]
[Round "4"]
[White "XDPS"]
[Black "Shuvalov"]
[Result "1-0"]
[WhiteElo "2743"]
[BlackElo "2523"]
[TimeControl "180+1"]
[EndTime "10:40:44 PDT"]
[Termination "XDPS won by checkmate"]

1. e4 e6 2. d4 d5 3. Nc3 Bb4 4. Ne2 dxe4 5. a3 Bxc3+ 6. Nxc3 Nc6 7. d5 exd5 8. Qxd5 Be6 9. Qxe4 Nf6 10. Qa4 O-O 11. Bd3 Ne5 12. Be2 Bg4 13. f3 Bf5 14. O-O Re8 15. Bg5 h6 16. Bh4 Ng6 17. Bf2 c6 18. Rfe1 Qc7 19. Bf1 a6 20. Qb3 Nd7 21. Na4 Be6 22. Qc3 Ne7 23. Nc5 Nxc5 24. Qxc5 Nd5 25.
c4 b6 26. Qd4 c5 27. Qd2 Ne7 28. Bg3 Qb7 29. b4 Rad8 30. Qb2 Nf5 31. Bf2 Qc6 32. Rad1 Nd4 33. Bxd4 cxd4 34. Rxd4 Rxd4 35. Qxd4 Rc8 36. Rc1 a5 37. c5 axb4 38. axb4 b5 39. Ra1 Bd5 40.
Ra5 Rb8 41. Qe5 Rb7 42. Qd6 Qxd6 43. cxd6 Bc4 44. Ra8+ Kh7 45. Rc8 Bxf1 46. Kxf1 Rd7 47. Rc6 Kg6 48. Rb6 Kf6 49. Kf2 Ke6 50. g4 Rxd6 51. Rxb5 Rd2+ 52. Kg3 Rb2 53. h4 Kf6 54. h5 Ke7 55. Kf4 Kf6 56. Rb6+ Ke7 57. Kf5 Rb3 58.
f4 Rc3 59. Rb7+ Ke8 60. Rb5 Ke7 61. Rc5 Rb3 62. b5 Rb4 63. Ke5 Kd7 64. Kf5 Ke7 65.
Rc7+ Ke8 66. Rb7 Kf8 67. g5 hxg5 68. fxg5 Rh4 69. b6 Rxh5 70. Rc7 f6 71. b7 Rxg5+ 72. Kf4 Rb5 73. Rc8+ Kf7 74. b8=Q Rxb8 75. Rxb8 Kg6 76. Rb7 Kh6 77. Kf5 Kh7 78. Rc7 Kh6 79. Rc1 Kh7 80.
Rh1+ Kg8 81. Kg6 Kf8 82. Re1 f5 83. Kxf5 Kf7 84. Kg5 g6 85. Re2 Kf8 86. Kxg6 Kg8 87. Re8# 1-0

[Event "*** Titled Tuesday Blitz"]
[Site "Chess.com"]
[Date "2020.10.27"]
[Round "4"]
[White "Qvalda"]
[Black "picturesquecheck"]
[Result "1/2-1/2"]
[WhiteElo "2390"]
[BlackElo "2083"]
[TimeControl "180+1"]
[EndTime "10:40:50 PDT"]
[Termination "Game drawn by repetition"]

1. e4 c5 2. Nf3 Nc6 3. b4 cxb4 4. d4 d5 5. exd5 Qxd5 6. c4 bxc3 7. Nxc3 Qa5 8. Bd2 e6 9. Rb1 Nf6 10. Bb5 Be7 11.
Nd5 Qd8 12. Nxe7 Qxe7 13. Bxc6+ bxc6 14. Bb4 Qc7 15. O-O Nd5 16. Ba3 Ne7 17. Qd3 O-O 18. Ng5 g6 19. Qh3 h5 20. Rb3 e5 21. Qg3 Nf5 22.
Qxe5 Qxe5 23. dxe5 Re8 24. f4 Ba6 25. Re1 Nd4 26.
Rb2 Rab8 27. Rd2 Nb5 28. Bc5 Rbd8 29. Red1 Rxd2 30. Rxd2 Nc3 31. a3 Nd5 32. g3 h4 33.
Ne4 Kg7 34. Nd6 Rb8 35. Kf2 hxg3+ 36. hxg3 Rb3 37. Bd4 Rxa3 38. e6+ Kf8 39. exf7 Nc3 40. Bc5 Rb3 41. Ne4+ Kxf7 42. Nxc3 Rxc3 43. Bd6 Rd3 44.
Rxd3 Bxd3 45. Ke3 Bf5 46. Kd4 Ke6 47. Kc5 Kd7 48. Be5 a6 49. Bc3 Bd3 50. Bb4 Bb5 51. Kd4 Ke6 52. Ke4 Bc4 53. g4 Bd5+ 54. Kd4 Bf3 55. g5 Kf5 56. Ke3 Bd5 57. Bc5 a5 58. Bd6 a4 59. Ba3 Ke6 60. Kd4 Kf5 61. Ke3 Be4 62.
Bb4 Bc2 63. Ba3 Ke6 64. Kd4 Bb3 65. Bb4 Kd7 66. Ba3 Be6 67. Bb4 Kc7 68. Ke5 Bf5 69.
Kd4 Kb6 70. Ba3 Kb5 71. Kc3 c5 72. Bc1 Kc6 73. Ba3 Kd5 74. Kd2 c4 75. Kc3 Bd3 76. Bc1 Ke4 77. Kb4 Bc2 78. Kc3 Bb3 79. Kb4 Kf5 80. Kc3 a3 81. Bxa3 Kxf4 82. Bc1+ Kf5 83. Kd4 Ba2 84. Kc3 Bb3 85. Bd2 Ba2 86. Bc1 Bb3 1/2-1/2

[Event "*** Titled Tuesday Blitz"]
[Site "Chess.com"]
[Date "2020.10.27"]
[Round "4"]
[White "malakismayil"]
[Black "enriquetejedor"]
[Result "0-1"]
[WhiteElo "2274"]
[BlackElo "2461"]
[TimeControl "180+1"]
[EndTime "10:40:53 PDT"]
[Termination "enriquetejedor won on time"]

1. e4 c5 2. Nf3 g6 3. d4 cxd4 4. Nxd4 Bg7 5. Nc3 Nc6 6. Nxc6 bxc6 7. Bc4 d6 8. O-O Nf6 9. h3 O-O 10. Bg5 Rb8 11. Bb3 Nd7 12. Re1 Nc5 13. Qd2 Re8 14.
Rad1 Be6 15. f4 Bxb3 16. axb3 Ne6 17. Bh4 Qa5 18. Kh1 Qh5 19. Bg3 Rb7 20. Qf2 Rc8 21. Ra1 c5 22. f5 Nd4 23. Rf1 Bf6 24. Nd5 Bg7 25. Rac1 Qe2 26. Rce1 Qxf2 27. Rxf2 gxf5 28. exf5 e6 29. fxe6 fxe6 30. Nf6+ Bxf6 31. Rxf6 Rf7 32. Rxf7 Kxf7 33. c3 Nf5 34. Bf2 Rb8 35. Ra1 Rxb3 36. Rxa7+ Kg6 37. Ra2 c4 38. g4 Ne7 39. Be3 Nd5 40.
Bc1 Nf6 41. Ra6 Ne4 42. Kg2 Kf6 43. Kf3 d5 44. Ra7 Kg6 45. Re7 Rb6 46. Ke3 Nc5 47. Kd4 Nd3 48. Be3 Nxb2 49. Ke5 Nd3+ 50. Kd4 Rd6 51. h4 e5+ 52. Rxe5 Nxe5 53. Kxe5 Rd8 54. h5+ Kf7 55. Bd4 Rg8 56. Kf5 Ke7 57. g5 Kf7 58.
Bf6 Re8 59. g6+ hxg6+ 60. hxg6+ Kg8 61. Bd4 Re1 62. Kf6 Re2 63. Kf5 Re1 64. Kf6 Re8 65. Kf5 Kf8 66. Kf6 Ra8 67. Ke6 Ra5 68.
Kd6 Kg8 69. Ke6 Rb5 70. Kf6 Ra5 71. Ke6 Ra6+ 72. Kxd5 Rxg6 73. Kxc4 Kf7 74. Kb5 Ke7 75. Kc4 Rg4 76. Kb4 Kd6 77. Kc4 Kc6 78. Kb4 Kd5 79. Kb5 Rg8 80. Bb6 Rc8 81. Bd4 Rb8+ 82. Ka6 Kc6 83. Ka7 Rb3 0-1

[Event "*** Titled Tuesday Blitz"]
[Site "Chess.com"]
[Date "2020.10.27"]
[Round "4"]
[White "Kobalia"]
[Black "Jumbo"]
[Result "0-1"]
[WhiteElo "2753"]
[BlackElo "2859"]
[TimeControl "180+1"]
[EndTime "10:40:54 PDT"]
[Termination "Jumbo won on time"]

1. e4 c5 2. Nf3 e6 3. g3 Nc6 4. Bg2 d5 5. exd5 exd5 6. d4 Bg4 7.
O-O cxd4 8. Nbd2 Bc5 9. h3 Bh5 10. Nb3 Bb6 11. g4 Bg6 12. Nfxd4 Nge7 13. Be3 h5 14. a4 hxg4 15. Qxg4 O-O 16. Rad1 Qc8 17. f4 Nf5 18. Bf2 Nfxd4 19. Nxd4 Bxd4 20. Bxd4 Qxg4 21. hxg4 Bxc2 22. Rd2 Be4 23. Bc5 Rfe8 24. Bxe4 Rxe4 25. Rxd5 Rxa4 26. Rd7 b6 27. Ba3 Re8 28. Kg2 Nd4 29. Bd6 Nb5 30. Be7 Re4 31. Bh4 Rd4 32. Rxd4 Nxd4 33. Bf2 Re2 34. Kg3 Ne6 35. f5 Ng5 36.
Bd4 f6 37. Ra1 Re7 38. b4 Rd7 39. Be3 Ne4+ 40. Kf3 Nc3 41. Rc1 Rd3 42. Kf2 Nd1+ 43. Ke2 Rxe3+ 44. Kxd1 Re4 45. Rc8+ Kh7 46. g5 Rxb4 47.
g6+ Kh6 48. Rh8+ Kg5 49. Rh7 Kxf5 50. Rxg7 Rg4 51. Rxa7 Kxg6 52. Rb7 Rb4 53. Ke2 Kf5 54. Kd3 Rb2 55. Kc3 Rb1 56. Kc2 Rb5 57. Kc3 Kg5 58.
Rg7+ Kf4 59. Kc4 Rb1 60. Kc3 f5 61. Kc2 Rb5 62. Rg1 Rc5+ 63. Kd3 b5 64. Kd4 Rc4+ 65. Kd3 Re4 66. Rf1+ Ke5 67. Rb1 b4 68. Ra1 Rg4 69. Ra5+ Kf6 70. Rb5 Kg5 71. Ke3 Re4+ 72. Kf3 Rc4 73. Rb6 Rc3+ 74. Kf2 b3 75. Rb4 Rc2+ 76. Kf3 b2 77. Rb6 Rd2 78. Ke3 Rh2 79. Kd4 Kg4 80. Ke5 f4 81. Rb4 Kg3 0-1

[Event "*** Titled Tuesday Blitz"]
[Site "Chess.com"]
[Date "2020.10.27"]
[Round "4"]
[White "wannabe2700"]
[Black "lelajavakhishvili"]
[Result "1/2-1/2"]
[WhiteElo "2737"]
[BlackElo "2530"]
[TimeControl "180+1"]
[EndTime "10:40:55 PDT"]
[Termination "Game drawn by repetition"]

1. d4 Nf6 2. c4 e6 3. Nf3 d5 4. g3 dxc4 5. Bg2 Nc6 6. Qa4 Bb4+ 7. Bd2 Nd5 8. Qb5 O-O 9. Qxc4 Nb6 10. Qd3 e5 11.
Nxe5 Bxd2+ 12. Nxd2 Nxd4 13. O-O-O c5 14. e3 Bf5 15.
Be4 Bxe4 16. Nxe4 Qc7 17. f4 Ne6 18. Qd6 Rac8 19. Rd2 c4 20. Rhd1 Qxd6 21. Nxd6 Rc7 22. Nb5 Rc5 23. Nc3 g6 24. Nd7 Nxd7 25. Rxd7 b5 26. Rxa7 b4 27. Ne4 Rc6 28. Nf6+ Kg7 29. Nd7 Rd8 30. Ne5 Rxd1+ 31. Kxd1 Rc5 32. Ra4 c3 33.
Rxb4 cxb2 34. Rxb2 Nc7 35. a4 Nd5 36. Kd2 Ra5 37. Ra2 Nb6 38. Nd3 Rxa4 39. Rc2 Nd5 40. Ke2 Nf6 41. Kf3 Ra7 42. Ne5 h5 43. h3 Re7 44. g4 hxg4+ 45. hxg4 Nd7 46. Nc6 Re6 47. Nd4 Re7 48. Rc7 Ne5+ 49. fxe5 Rxc7 50.
Ke4 Re7 51. Kd5 Re8 52. Nc6 Re6 53. g5 Re8 54. Kd6 Re6+ 55. Kd5 Re8 56. Kc5 Ra8 57. Kd4 Ra1 58. Ke4 Re1 59. Kf4 Rf1+ 60. Kg4 Rf5 61. e4 Rf1 62. Kg3 Re1 63. Kf4 Rg1 64. Nd4 Kf8 65. e6 Ke7 66. exf7 Kxf7 67. Nf3 Rf1 68.
Ke3 Ra1 69. Kf4 Ke6 70. Nd4+ Kf7 71. Nf3 Rf1 72. Ke3 Ke6 73. Nd4+ Ke5 74. Nf3+ Ke6 75. Nd2 Rh1 76. Nf3 Rh3 77. Kf4 Rh1 78. Ke3 Ke7 79. Kf4 Ra1 80. Ne5 Rf1+ 81. Ke3 Ke6 82. Nxg6 Rg1 83.
Nf4+ Ke5 84. Nd3+ Ke6 85. Kf4 Rf1+ 86. Ke3 Rg1 87. Nf4+ Ke5 88. Nd3+ Ke6 1/2-1/2

[Event "*** Titled Tuesday Blitz"]
[Site "Chess.com"]
[Date "2020.10.27"]
[Round "4"]
[White "Rodalquilar"]
[Black "VladimirBelous"]
[Result "1/2-1/2"]
[WhiteElo "2754"]
[BlackElo "2845"]
[TimeControl "180+1"]
[EndTime "10:41:04 PDT"]
[Termination "Game drawn - insufficient material"]

1. d4 Nf6 2. Bf4 d6 3. Nc3 Bf5 4. f3 d5 5. g4 Bg6 6. h4 h6 7. h5 Bh7 8. e3 a6 9. Bd3 Bxd3 10. Qxd3 Nbd7 11. O-O-O c5 12. e4 dxe4 13. Nxe4 Nxe4 14.
Qxe4 e6 15. Qxb7 Qc8 16. Qxc8+ Rxc8 17. d5 e5 18. Be3 c4 19. Ne2 f6 20. Ng3 c3 21. b3 Ba3+ 22. Kb1 Kf7 23. Ne4 Rhd8 24. Bc1 Bb4 25. a3 Bf8 26. Rd3 Nc5 27. Rxc3 Rxd5 28. b4 Rb8 29. Nxc5 Bxc5 30. Be3 Bxe3 31. Rxe3 a5 32. Rb3 Rd4 33. b5 a4 34. Rb2 Rc4 35. Rd1 Rb7 36. Rd6 Rc3 37. b6 Ke7 38. Rd3 Rc6 39.
f4 Rcxb6 40. Rxb6 Rxb6+ 41. Kc1 exf4 42. Rd4 f3 43. Rxa4 Re6 44. Rf4 Re1+ 45. Kd2 Rg1 46. Rxf3 Rxg4 47. Re3+ Kd7 48. Rb3 Kc6 49. Rc3+ Kd6 50.
Rd3+ Ke6 51. Rb3 Rg5 52. Rb6+ Kf7 53. Rb7+ Kg8 54. a4 Rxh5 55. Rb5 Rh1 56. c4 Ra1 57. a5 Kf7 58. Rb7+ Kg6 59. Ra7 h5 60. c5 h4 61.
c6 Ra2+ 62. Kd3 Ra3+ 63. Kc2 Ra2+ 64. Kb3 Ra1 65. c7 Rc1 66. Kb2 h3 67. Kxc1 h2 68.
c8=Q h1=Q+ 69. Kb2 Qg2+ 70. Kb3 Qf3+ 71. Qc3 Qd5+ 72. Qc4 Qd1+ 73. Kb4 Qd2+ 74. Kb5 Qg5+ 75. Qc5 Qg2 76. Rc7 Qb2+ 77. Kc6 Qe2 78. a6 Qxa6+ 79. Kd7 Qd3+ 80. Kc8 Qf5+ 81. Qxf5+ Kxf5 82. Rxg7 Ke4 83. Kd7 f5 84. Re7+ Kd3 85. Ke6 f4 86. Rf7 Ke4 87. Ra7 f3 88. Ra4+ Ke3 89. Ke5 f2 90. Ra3+ Ke2 91. Ra2+ Kf3 92. Ra3+ Kg2 93. Ra2 Kg1 94. Rxf2 Kxf2 1/2-1/2